Workbook

Sheet Sec A- P&A
B1: APPOINTMENT OF A CONTRACTOR FOR THE REFURBISHMENT OF SEWER PUMP STATION AND WASTEWATER TREATMENT WORKS IN EDENBURG
B2: BID NO. KLM/EDN/WWTW/23/24 | H2: Section A: General
B3: ITEM NO | C3: PAYMENT | D3: DESCRIPTION | E3: UNIT | F3: QTY | G3: RATE | H3: AMOUNT R
A4: 633 | C4: SANS 1200A | D4: SECTION A: GENERAL
A6: 635 | B6: A.1 | C6: 8.3 | D6: Scheduled fixed-charge and value-related items
A8: 636 | B8: A.1.1 | C8: PSA 8.3.1 | D8: Fixed preliminary and general charges | E8: Sum | F8: 1 | H8: =G8*F8 -> 0
A10: 637 | B10: A.1.2 | C10: PSA 8.3.2 | D10: Value related preliminary and general charges | E10: Sum | F10: 1 | H10: =G10*F10 -> 0
A12: 1022 | B12: A.1.3 | D12: Penalty for falling behind on the approved Programme with reference to the critical path: | H12: =G12*F12 -> 0
A14: 1024 | B14: A.1.3.1 | D14: a) Time related penalty | E14: Day | F14: -2000 | H14: Rate Only
A16: 638 | B16: A.1.4 | C16: 8.3.4 | D16: Removal of site establishment | E16: Sum | F16: 1 | H16: =G16*F16 -> 0
A18: 641 | B18: A.2 | D18: Name boards | H18: =G18*F18 -> 0
A20: 642 | B20: A.2.1 | C20: PSAB 1 | D20: Name boards (Drawing no. 172-101) | E20: No. | F20: 1 | H20: =G20*F20 -> 0
A22: 1036 | B22: A.3 | D22: Scheduled time-related items: | H22: =G22*F22 -> 0
A24: 1037 | B24: A.3.1 | C24: PSA 8.4.1 | D24: Time-related preliminary and general charges | E24: Sum | F24: 1 | H24: =G24*F24 -> 0
A26: 1035 | B26: A.3.2 | D26: Operate and maintain Engineer's office building | E26: Sum | F26: 1 | H26: =G26*F26 -> 0
A28: 644 | B28: A.4 | C28: 8.6 | D28: Prime Cost Items | H28: =G28*F28 -> 0
A30: 645 | B30: A.4.1 | D30: Additional tests required by the Engineer | E30: PC Sum | F30: 1 | G30: 30000 | H30: =G30*F30 -> 30000
A32: 646 | B32: A.4.2 | D32: Charge required by Contractor on sub-item A4.1 above | E32: % | G32: =G30 -> 30000 | H32: =F32*G32/100 -> 0
A34: 649 | B34: A.4.3 | D34: Costs encountered by the Engineer (site supervision) | E34: PC Sum | F34: 1 | G34: 300000 | H34: =G34*F34 -> 300000
A36: 650 | B36: A.4.4 | D36: Charge required by Contractor on sub-item A4.3 above | E36: % | G36: =G34 -> 300000 | H36: =F36*G36/100 -> 0
A38: 1038 | B38: A.4.5 | D38: Transportation of the Engineer's Representative | E38: Prov Sum | F38: 1 | G38: 60000 | H38: =G38*F38 -> 60000
A40: 1039 | B40: A.4.6 | D40: Overheads, charge required by Contractor on sub-item A4.5 above | E40: % | G40: =G38 -> 60000 | H40: =F40*G40/100 -> 0
A42: 1040 | B42: A.4.7 | D42: Telephone and communication facilities for the Engineer's Representative | E42: Prov Sum | F42: 1 | G42: 10000 | H42: =G42*F42 -> 10000
A44: 1041 | B44: A.4.8 | D44: Overheads, charge required by Contractor on sub-item A4.7 above | E44: % | G44: =G42 -> 10000 | H44: =F44*G44/100 -> 0
A46: 1042 | B46: A.4.9 | D46: Photocopying machines and personal computer for the Engineer's Office | E46: Prov Sum | F46: 1 | G46: 10000 | H46: =G46*F46 -> 10000
A48: 1043 | B48: A.4.10 | D48: Overheads, charge required by Contractor on sub-item A4.9 above | E48: % | G48: =G46 -> 10000 | H48: =F48*G48/100 -> 0
A50: 1012 | B50: A.5 | D50: Community Liaison Officer | H50: =G50*F50 -> 0
A52: 1013 | B52: A.5.1 | C52: PSA 8.3.2 | D52: Establish facilities on site for the Community Liaison Officer | E52: Sum | F52: 1 | H52: =G52*F52 -> 0
A54: 1014 | B54: A.5.2 | C54: 8.3.4 | D54: Removal of Community Liaison Officer's site establishment and reinstate site upon completion | E54: Sum | F54: 1 | H54: =G54*F54 -> 0
B56: Total Carried Forward | H56: =SUM(H4:H55) -> 410000
B57: Brought Forward | H57: =H56 -> 410000
A58: 1015 | B58: A.5.3 | C58: PSA 8.4.1 | D58: Operate and maintain Community Liaison Officer's site office | E58: Sum | F58: 1 | H58: =G58*F58 -> 0
A60: 1016 | B60: A.5.4 | C60: PSA 8.5 | D60: Allow for remuneration for Community Liaison Officer | E60: Prov Sum | F60: 1 | G60: 60000 | H60: =G60*F60 -> 60000
A62: 1017 | B62: A.5.5 | D62: Overheads, charges and profit on sub-item A5.4 above | E62: % | G62: =F62 -> 0 | H62: =F62*G62/100 -> 0
B64: A.6 | C64: 8.8.5 | D64: Cost of Survey
A66: 1214 | B66: A.6.1 | D66: Surveyor for detailed survey and setting out of works by a registered land surveyor | E66: Prov Sum | F66: 1 | G66: 25000 | H66: =G66*F66 -> 25000
A68: 1215 | B68: A6.2 | D68: Overheads, charge required by Contractor on sub-item A.6.1above | E68: % | G68: =G66 -> 25000 | H68: =F68*G68/100 -> 0
A70: 1018 | B70: A.7 | C70: SPEC OHS | D70: Health and safety : | H70: =G70*F70 -> 0
A72: 1019 | B72: A.7.1 | C72: PSA 8.9 | D72: Compliance with OHS Act and Regulations | E72: Sum | F72: 1 | H72: =G72*F72 -> 0
A74: 1020 | B74: A.7.2 | C74: PSA 8.5 | D74: Health and safety specialist (Engineer) | E74: Prov Sum | F74: 1 | G74: 60000 | H74: =G74*F74 -> 60000
A76: 1021 | B76: A.7.3 | D76: Overheads, charges and profit on sub-item A7.2 above | E76: % | G76: =G74 -> 60000 | H76: =F76*G76/100 -> 0
A78: 1022 | B78: A.8 | C78: OHS 5.2 | D78: Penalty for non-compliance with the Occupational Health and Safety Specification: | H78: =G78*F78 -> 0
A80: 1023 | B80: A.8.1 | D80: a) Fixed penalty per occurrence | E80: No | F80: -10000 | H80: Rate Only
A82: 1024 | B82: A.8.2 | D82: b) Time related penalty | E82: Hour | F82: -2500 | H82: Rate Only
A84: 1025 | B84: A.9 | C84: SPEC EM | D84: Environmental management :
A86: 1026 | B86: A.9.1 | D86: Compliance with Environmental Management Specification | E86: Sum | F86: 1 | H86: =G86*F86 -> 0
A88: 1027 | B88: A.9.2 | C88: PSA 8.5 | D88: Environmental specialist (Engineer) | E88: Prov Sum | F88: 1 | G88: 60000 | H88: =G88*F88 -> 60000
A90: 1028 | B90: A.9.3 | D90: Overheads, charges and profit on sub-item A9.2 above | E90: % | G90: =G88 -> 60000 | H90: =F90*G90/100 -> 0
A92: 1029 | B92: A.10 | C92: EM 6.2.3 | D92: Penalty for non-compliance with the Environmental Management Specification:
A94: 1030 | B94: A.10.1 | D94: a) Fixed penalty per occurrence | E94: No | F94: -10000 | H94: Rate Only
A96: 1031 | B96: A.10.2 | D96: b) Time related penalty | E96: Hour | F96: -2500 | H96: Rate Only
A98: 1032 | B98: A.11 | D98: Temporary works
A100: 1033 | D100: Existing services:
A102: 1034 | B102: A.11.1 | C102: 8.8.4 | D102: Locate, and excavate by hand in all material to expose existing services where ordered by the Engineer | E102: m³ | F102: 80 | H102: =G102*F102 -> 0
B111: Total Carried Forward To Summary | H111: =SUM(H57:H110) -> 615000

Sheet Sec B-Dayworks
B1: APPOINTMENT OF A CONTRACTOR FOR THE REFURBISHMENT OF SEWER PUMP STATION AND WASTEWATER TREATMENT WORKS IN EDENBURG
B2: ='Sec A- P&A'!B2 -> BID NO. KLM/EDN/WWTW/23/24 | H2: Section B: Dayworks
B3: ITEM NO | C3: PAYMENT | D3: DESCRIPTION | E3: UNIT | F3: QTY | G3: RATE | H3: AMOUNT R
A4: 653 | D4: SECTION B: DAYWORKS
A6: 1044 | B6: B1 | C6: PSA 8.7 | D6: Daywork
A8: 654 | B8: B1.1 | D8: Labour
A10: 655 | B10: B1.1.1 | D10: Artisan | E10: day | F10: 20 | H10: =F10*G10 -> 0
A12: 656 | B12: B1.1.2 | D12: Skilled labour | E12: day | F12: 20 | H12: =F12*G12 -> 0
A14: 657 | B14: B1.1.3 | D14: Semi-skilled labour | E14: day | F14: 20 | H14: =F14*G14 -> 0
A16: 658 | B16: B1.1.4 | D16: Unskilled labour | E16: day | F16: 20 | H16: =F16*G16 -> 0
A18: 659 | B18: B1.2 | D18: Materials
A20: 660 | B20: B1.2.1 | D20: Allow for all-inclusive materials actually used | E20: PC Sum | F20: 1 | G20: 150000 | H20: =G20*F20 -> 150000
A22: 661 | B22: B1.2.2 | D22: Charge required by Contractor on sub-item B1.2.2 above | E22: % | G22: =H20 -> 150000 | H22: =F22*G22/100 -> 0
A24: 662 | B24: B1.3 | C24: PSA 8.7 | D24: Equipment
A26: 663 | B26: B1.3.1 | D26: Case 580F or similar | E26: day | F26: 10 | H26: =F26*G26 -> 0
A28: 664 | B28: B1.3.2 | D28: Hitachi Ex 200 or similar | E28: day | F28: 10 | H28: =F28*G28 -> 0
A30: 665 | B30: B1.3.3 | D30: Honey Sucker | E30: day | F30: 10 | H30: =F30*G30 -> 0
A32: 666 | B32: B1.3.4 | D32: 6m³ tipper | E32: day | F32: 10 | H32: =F32*G32 -> 0
A34: 667 | B34: B1.3.5 | D34: 1 ton light delivery vehicle | E34: km | F34: 1000 | H34: =F34*G34 -> 0
A36: 668 | B36: B1.3.6 | D36: Bomag BW 76S or similar | E36: day | F36: 5 | H36: =F36*G36 -> 0
A38: 669 | B38: B1.3.7 | D38: 20m³/h water pump | E38: day | F38: 10 | H38: =F38*G38 -> 0
A40: 670 | B40: B1.3.8 | D40: 250 A DC welder | E40: day | F40: 5 | H40: =F40*G40 -> 0
A42: 671 | B42: B1.3.9 | D42: Compressor (breakers and piping included) | E42: day | F42: 10 | H42: =F42*G42 -> 0
A44: 672 | B44: B1.3.10 | D44: Any other equipment (specify)
A46: 673 | D46: 1)…………………………………………. | E46: day | F46: 5 | H46: =F46*G46 -> 0
A48: 674 | D48: 2)…………………………………………. | E48: day | F48: 5 | H48: =F48*G48 -> 0
A50: 675 | D50: 3)…………………………………………. | E50: day | F50: 5 | H50: =F50*G50 -> 0
B68: Total Carried Forward To Summary | H68: =SUM(H4:H58) -> 150000

Sheet Sec C- Refurbish Inlet
B1: APPOINTMENT OF A CONTRACTOR FOR THE REFURBISHMENT OF SEWER PUMP STATION AND WASTEWATER TREATMENT WORKS IN EDENBURG
B2: ='Sec A- P&A'!B2 -> BID NO. KLM/EDN/WWTW/23/24 | H2: Section C: Refurbishment of the inlet works, WWTW
B3: ITEM NO | C3: PAYMENT | D3: DESCRIPTION | E3: UNIT | F3: QTY | G3: RATE | H3: AMOUNT R
A4: 702 | D4: SECTION C: REFURBISHMENT OF INLET WORKS
B6: C1 | D6: CIVIL WORKS
A8: 704 | B8: C1.1 | C8: SANS 1200C | D8: SITE CLEARANCE
A10: 705 | B10: C1.1.1 | C10: 8.3.1 | D10: Site Clearance
A12: 706 | B12: C1.1.1.1 | D12: Clear vegetation and trees of girth up to 1m | E12: m² | F12: 1100 | H12: =G12*F12 -> 0
A14: 707 | B14: C1.1.1.2 | D14: Remove topsoil to nominal depth of 150mm and stockpile | E14: m² | F14: 200 | H14: =G14*F14 -> 0
A16: 708 | B16: C1.1.2 | D16: Clear trees and designated obstacles of girth over 1,0m | H16: =G16*F16 -> 0
A18: 709 | B18: C1.1.2.1 | D18: Over 1,0m and up to and including 2,0m | E18: No | F18: 2 | H18: =G18*F18 -> 0
A20: 710 | B20: C1.1.2.2 | D20: Over 2,0m and up to and including 3,0m | E20: No | F20: 2 | H20: =G20*F20 -> 0
B22: C2 | C22: PSC 8.1.11 | D22: Fencing | H22: =G22*F22 -> 0
B24: C2.1 | D24: Take down, stockpile and dispose of existing steel "Devil's Fork" fence at a designated site approved by Engineer. | E24: m | F24: 110 | H24: =G24*F24 -> 0
B26: C2.2 | D26: Supply, deliver, store and install 1.8m high galvanised, 75 x 150 x 3mm aperture, diamond razor mesh fencing with and including 3000 x 100 x 2mm thick overall circular galvanised plain fencing post with a 600mm long 45 degree bend at the top for flat wrap @ 3500mm cc, binding and straining wires, concrete for footings size 600 x 550mm high and all materials required. Refer to drawing 172-403 | E26: m | F26: 140 | H26: =G26*F26 -> 0
B28: C2.3 | D28: Supply, deliver, store and install 500mm galvanised flat wrap razor wire on top of perimeter fencing as per Item C2.2. | E28: m | F28: 140 | H28: =G28*F28 -> 0
B30: C2.4 | D30: Supply, deliver, store and install 2,4m high electric fencing. Rate to include 24 lines, 100mm diameter corner and intermediate galavanised poles 3000mm high, 3000mm High Y Standards @ 3000mm cc, 2.24mm steel wire, energizer, etc. (as per drawing 172-403). Staffix or similar approved. | E30: m | F30: 140 | H30: =G30*F30 -> 0
B32: C2.5 | D32: Supply, deliver, store and install galvanised electrified steel sliding gate 2,4m high x 4m wide with roller assembly and connection components to electric fencing as per item C.4 and manufacturer's specifications. Staffix or similar approved. | E32: No | F32: 1 | H32: =G32*F32 -> 0
B34: C2.6 | D34: Supply, deliver, store and install galvanised double leaf swing gate 1.8m high x 4m (as per drawing 172-402) | E34: No | F34: 1 | H34: =G34*F34 -> 0
B36: C2.7 | C36: 1200D | D36: Hand excavate trench for access gate roller assembly | E36: m³ | F36: 1 | H36: =G36*F36 -> 0
B38: C2.8 | C38: 1200G | D38: Class 15/19 Mpa mass concrete for access gate footings. | E38: m³ | F38: 1 | H38: =G38*F38 -> 0
B40: C2.9 | D40: Additional padlocks. Yale 75mm Iron Shutter padlock. | E40: No | F40: 2 | H40: =G40*F40 -> 0
B41: Total Carried Forward | H41: =SUM(H4:H40) -> 0
B42: Brought Forward | H42: =H41 -> 0
B44: C2.10 | C44: 1200G | D44: Cast with class 15/19 MPa concrete 200x200mm footing beam for all new fencing. Rate to include all materials, labour and plant. | E44: m³ | F44: 8 | H44: =G44*F44 -> 0
B46: C3 | C46: 1200D | D46: Refurbishment of existing infrastructure: | H46: =G46*F46 -> 0
B48: C3.1 | D48: Removal of all sludge, fluids and solids from the inlet works and pump station sump and dispose of at the Trompsburg Waste Water Treatment works. | E48: m³ | F48: 120 | H48: =G48*F48 -> 0
B51: C3.2 | D51: Cleaning interior of the sewer pump station sump, storage tank and inlet works by means of high pressure jet washing equipment to ensure no debris, moss, algae or other foreign materials are present. | E51: m² | F51: 110 | H51: =G51*F51 -> 0
B53: C3.3 | C53: PSC 3.5.2.2 | D53: Apply PENETRON MORTAR to areas identified by the Employers Agent or their Representative in the inlet works and sump according to suppliers specifications | E53: m² | F53: 5 | H53: =G53*F53 -> 0
B55: C3.4 | C55: PSC 3.5.2.1 | D55: Apply PENETRON slurry to the interior of the inlet works and sump according to suppliers specifications. | E55: m² | F55: 110 | H55: =G55*F55 -> 0
B57: C4 | C57: Building Spec | D57: Refurbishment of existing roofs | H57: =G57*F57 -> 0
B59: C4.1 | D59: Remove, stockpile and dispose of damaged corrugated roof sheets and lip channels were instructed by the Employers Agent or their representative. | E59: m² | F59: 110 | H59: =G59*F59 -> 0
B61: C4.2 | D61: Supply, deliver, store and install to new steel roof 3m x 0.7m x 0.47mm corrugated roof sheets. | E61: m² | F61: 90 | H61: =G61*F61 -> 0
B63: C4.3 | D63: Supply, deliver and install new 100 x 50 x 20 x 2mm lip channel for roof support structure with and including two coats of corrosion protection paint. | E63: m | F63: 30 | H63: =G63*F63 -> 0
B65: C4.4 | D65: Supply, deliver and install new 100 x 100 x 3mm square tubing for roof support structure with and including two coats of corrosion protection paint. | E65: m | F65: 18 | H65: =G65*F65 -> 0
B67: C4.5 | D67: Supply, deliver and install 150mm precast hollow core concrete roof slabs and secure to existing walls according to supplier specifications. | E67: m² | F67: =45+13 -> 58 | H67: =G67*F67 -> 0
B69: C5 | C69: Building Spec | D69: Refurbishment of existing pump station | H69: =G69*F69 -> 0
B71: C5.1 | D71: Demolish, stockpile and dispose of 220mm brick wall at a dedicated municipal dumping site. | E71: m² | F71: 50 | H71: =G71*F71 -> 0
B73: C5.2 | D73: Demolish, stockpile and dispose of 110mm brick wall at a dedicated municipal dumping site. | E73: m² | F73: 25 | H73: =G73*F73 -> 0
B75: C5.3 | D75: Demolish, stockpile and dispose of window frames at a dedicated municipal dumping site. | E75: m² | F75: 6 | H75: =G75*F75 -> 0
B77: C5.4 | D77: Demolish, stockpile and dispose of 1.2m high steel handrails with and including ladder at a dedicated municipal dumping site. | E77: m | F77: 10 | H77: =G77*F77 -> 0
B79: Total Carried Forward | H79: =SUM(H42:H78) -> 0
B80: Brought Forward | H80: =H79 -> 0
B81: C5.6 | C81: PSC 3.5.2.3 | D81: Supply, deliver, store and install new 1.2m high Fibreglass safety hand rails (Fibre grate or similar approved) | E81: m | F81: 6 | H81: =G81*F81 -> 0
B83: C5.7 | D83: 38x38x30mm deep Fibreglass moulded grating, complete with cast in EZ Embedment Angle to cover openings (Fibre grate or similar approved). | E83: m² | F83: 10 | H83: =G83*F83 -> 0
B85: C5.8 | D85: Supply, deliver, store and install new access ladder to sump (as per drawing 172-307 ) | E85: No | F85: 1 | H85: =G85*F85 -> 0
B87: C5.9 | D87: Supply, deliver and install 300mm galvanised whirlybird turbine ventilator to concrete roof. | E87: No | F87: 4 | H87: =G87*F87 -> 0
B89: C6 | C89: Building Spec | D89: Paint | H89: =G89*F89 -> 0
B91: C6.1 | D91: Interior walls | H91: =G91*F91 -> 0
B93: C6.1.1 | D93: Sand down all interior walls removing loose paint and debris | E93: m² | F93: 50 | H93: =G93*F93 -> 0
B95: C6.1.2 | D95: Apply interior wall primer as per manufacturers requirements for Item C6.1.3 | E95: m² | F95: 50 | H95: =G95*F95 -> 0
B97: C6.1.3 | D97: Apply two coats of White matt Duram interior wall paint. | E97: m² | F97: 50 | H97: =G97*F97 -> 0
B99: C6.2 | D99: Exterior walls | H99: =G99*F99 -> 0
B101: C6.2.1 | D101: Sand down all exterior walls removing loose paint and debris | E101: m² | F101: 50 | H101: =G101*F101 -> 0
B103: C6.2.2 | D103: Apply interior wall primer as per manufacturers requirements for Item C6.2.3 | E103: m² | F103: 50 | H103: =G103*F103 -> 0
B105: C6.2.3 | D105: Apply two coats of White matt Duram exterior wall paint or similar approved. | E105: m² | F105: 50 | H105: =G105*F105 -> 0
B107: C6.3 | D107: Floor paint | H107: =G107*F107 -> 0
B109: C6.3.1 | D109: Clean floors of all debris and loose material. | E109: m² | F109: 60 | H109: =G109*F109 -> 0
B111: C6.3.1 | D111: Apply 25mm screed to damaged section of pump station floor | E111: m² | F111: 60 | H111: =G111*F111 -> 0
B113: C6.3.2 | D113: Apply Solidkote Impact epoxy floor paint as per suppliers specifications including primer (Grey) | E113: m² | F113: 60 | H113: =G113*F113 -> 0
B115: C6.4 | D115: Repaint Gantry | H115: =G115*F115 -> 0
B117: C6.4.1 | D117: Sand down and remove all loose paint and debris from existing gantry | E117: m | F117: 10 | H117: =G117*F117 -> 0
B119: C6.4.2 | D119: Prime and repaint gantry using yellow enamel paint | E119: m | F119: 10 | H119: =G119*F119 -> 0
B121: C7 | D121: Refurbishment of existing entrance gate at the WWTW | E121: Prov Sum | F121: 1 | G121: 10000 | H121: =G121*F121 -> 10000
B123: Total Carried Forward | H123: =SUM(H80:H121) -> 10000
B124: Brought Forward | H124: =H123 -> 10000
A125: 1164 | B125: C8 | C125: Building Spec | D125: Guard house and store room | H125: =G125*F125 -> 0
A127: 1129 | B127: C8.1 | D127: Excavation for structures | H127: =G127*F127 -> 0
A129: 1130 | B129: C8.1.1 | D129: Excavation in soft material between the following depths and use for backfill, compact and dispose of surplus material: | H129: =G129*F129 -> 0
A131: 1131 | B131: C8.1.1.1 | D131: 0 m up to 1 m | E131: m³ | F131: 5 | H131: =G131*F131 -> 0
A133: 1134 | B133: C8.2 | D133: Extra over item C8.1.1.1 for excavation in hard rock. | E133: m³ | F133: 2 | H133: =G133*F133 -> 0
A135: 1140 | B135: C8.3 | D135: Backfill to excavations utilising : | H135: =G135*F135 -> 0
A137: 1141 | B137: C8.3.1 | D137: Material from the excavation compacted to 97% of modified AASHTO density | E137: m³ | F137: 5 | H137: =G137*F137 -> 0
A139: 1143 | B139: C8.3.2 | D139: Imported G5/G6 material compacted to 97% of modified AASHTO density | E139: m³ | F139: 10 | H139: =G139*F139 -> 0
A141: 1145 | B141: C8.4 | C141: PSG 8.1.3 | D141: Foundation | H141: =G141*F141 -> 0
A143: 1147 | B143: C8.4.1 | D143: Concrete blinding class 15/19 concrete 50mm thick | E143: m³ | F143: 2 | H143: =G143*F143 -> 0
B145: C8.4.2 | D145: Concrete floor class 20/19 concrete. Rate to include 250 micron DPC sheeting | E145: m³ | F145: =4.2*3*0.15 -> 2 | H145: =G145*F145 -> 0
B147: C8.4.3 | D147: Concrete foundation cast to excavated surfaces for Class 25/19 concrete. | E147: m³ | F147: 2 | H147: =G147*F147 -> 0
B149: C8.5 | D149: Reinforcing steel | H149: =G149*F149 -> 0
B151: C8.5.1 | D151: R8 | E151: t | F151: 0.5 | H151: =G151*F151 -> 0
B153: C8.5.2 | D153: Y12 | E153: t | F153: 0.5 | H153: =G153*F153 -> 0
B155: C8.5.3 | D155: REF 245 Mesh | E155: m² | F155: =4.2*3 -> 13 | H155: =G155*F155 -> 0
B157: C9 | C157: PB 8.2.7 | D157: Concrete Floor Finishes
B159: C9.1 | D159: Normal screeds 25mm | E159: m² | F159: 13 | H159: =G159*F159 -> 0
B161: C10 | C161: PB 8.2.1 | D161: Brickwork | H161: =G161*F161 -> 0
B163: C10.1 | D163: 150mm wide Maxi Clay brick for single wall brickwork, fair face to both sides (Corrobrick or similar approved) brick force every layer in foundations and every 3rd layer in superstructure. | E163: m² | F163: 45 | H163: =G163*F163 -> 0
B165: C11 | D165: Doors and Windows. | H165: =G165*F165 -> 0
B167: C11.1 | C167: PD 8.2.17 | D167: Toledo Single timber interior door size 812 x 2032mm high or similar approved. Rate to include 1.2mm thick steel door frame, installation, DIY combo handle and lockset and 3 set of keys. | E167: No | F167: 1 | H167: =G167*F167 -> 0
B169: C11.2 | D169: Supply, deliver, store and install Type MV transformer door and frame. | E169: No | F169: 1 | H169: =G169*F169 -> 0
B171: C11.3 | D171: Supply, deliver, store and install 105x75mm lintels, 900mm long | E171: No | F171: 2 | H171: =G171*F171 -> 0
B172: Total Carried Forward | H172: =SUM(H124:H171) -> 10000
B173: Brought Forward | H173: =H172 -> 10000
B175: C11.4 | D175: Supply, deliver, store and install 590x590mm Aluminium Window (charcoal) | E175: No | F175: 2 | H175: =G175*F175 -> 0
B177: C11.5 | D177: Manufacture, deliver store and install window burglar bars as per drawing 172-404. Colour: black enamel. | E177: No | F177: 2 | H177: =G177*F177 -> 0
B179: C11.6 | D179: Supply and install M8 Role bolts for burglar bars to ablution facility windows | E179: No | F179: 16 | H179: =G179*F179 -> 0
B181: C.12 | D181: Allow for all-inclusive materials actually used | E181: PC Sum | F181: 1 | G181: 25000 | H181: =G181*F181 -> 25000
B183: C.13 | D183: Charge required by Contractor on sub-item A5.2.1 above | E183: % | G183: =G181 -> 25000 | H183: =G183*F183 -> 0
B185: C.14 | C185: SANS 1200 MJ | D185: Segmented concrete block paving | H185: =G185*F185 -> 0
B187: C14.1 | C187: 8.1 | D187: Remove existing paving / concrete blocks and re-preparation of area. | E187: m² | F187: 970 | H187: =G187*F187 -> 0
B189: C14.2 | C189: PSMJ 8.2.2 | D189: Re-construction of paving with existing paving and concrete blocks, including sand bed complete with weed killer mixed into bedding sand at a rate of 35g/m² | E189: m² | F189: 970 | H189: =G189*F189 -> 0
...

Sheet Sec D - Anaerobic ponds
B1: APPOINTMENT OF A CONTRACTOR FOR THE REFURBISHMENT OF SEWER PUMP STATION AND WASTEWATER TREATMENT WORKS IN EDENBURG
B2: ='Sec A- P&A'!B2 -> BID NO. KLM/EDN/WWTW/23/24 | H2: Section D: Anaerobic Ponds
B3: ITEM NO | C3: PAYMENT | D3: DESCRIPTION | E3: UNIT | F3: QTY | G3: RATE | H3: AMOUNT R
A4: 1127 | C4: SANS 1200C / 1200D | D4: SECTION D: ANAEROBIC PONDS
A6: 1164 | B6: D1 | D6: Cleaning Embankments
A8: 1128 | B8: D1.1 | D8: Clear all shrubs and vegetation from the anaerobic pond embankments. | E8: m² | F8: 5900 | G8: 20 | H8: =G8*F8 -> 118000
A10: 1132 | B10: D1.2 | D10: Clean and remove all dirt and debris from interconnecting pipe overflow channels and dispose. | E10: m | F10: 10 | H10: =G10*F10 -> 0
B12: D1.3 | D12: Remove all vegetation inside anaerobic ponds | E12: m² | F12: 41000 | H12: =G12*F12 -> 0
A14: 1134 | B14: D2 | D14: Repairing Damaged Embankments | H14: =G14*F14 -> 0
B16: D2.1 | D16: Repair all cracked concrete and joints 20/19 Mpa concrete and float smooth. | E16: m³ | F16: 20 | H16: =G16*F16 -> 0
B18: D2.2 | D18: Supply and compact C4 material for cavities under concrete embankments. | E18: m³ | F18: 20 | H18: =G18*F18 -> 0
B20: D3 | D20: Primary Settling ponds | H20: =G20*F20 -> 0
B22: D3.1 | D22: Remove all sludge and vegetation from primary settling ponds and pump out to veld to dry. | E22: m³ | F22: 500 | H22: =G22*F22 -> 0
B24: D3.2 | D24: Clear all shrubs and vegetation from the primary settling pond embankments. | E24: m² | F24: =80*2*2 -> 320 | H24: =G24*F24 -> 0
B26: D4 | C26: SANS 1200DB | D26: Earthworks | H26: =G26*F26 -> 0
B28: D4.1 | C28: 8.3.2 | D28: Excavate in all materials for trenches, backfill, compact and dispose of surplus material: | H28: =G28*F28 -> 0
B30: D4.1.1 | D30: DN 110mm pipes for depths: | H30: =G30*F30 -> 0
B32: D4.1.1.1 | D32: Up to 1,5m | E32: m | F32: 270 | H32: =G32*F32 -> 0
B34: D4.1.2 | D34: DN 160mm pipes for depths: | H34: =G34*F34 -> 0
B36: D4.1.2.1 | D36: Up to 1,5m | E36: m | F36: =50+40+50 -> 140 | H36: =G36*F36 -> 0
B38: D4.1.3 | D38: DN 200mm pipes for depths: | H38: =G38*F38 -> 0
B40: D4.1.3.1 | D40: Up to 1,5m | E40: m | F40: 90 | H40: =G40*F40 -> 0
B42: D4.1.4 | D42: Extra over item D4.1.1.1, D4.1.2.1 and D4.1.3.1 above for: | H42: =G42*F42 -> 0
B44: D4.1.4.1 | D44: Hard rock excavation | E44: m³ | F44: 5 | H44: =G44*F44 -> 0
B46: D4.1.4.2 | D46: Excavate and dispose of unsuitable material from trench bottom | E46: m³ | F46: 5 | H46: =G46*F46 -> 0
B48: D4.2 | C48: 8.3.3 | D48: Excavation ancillaries: | H48: =G48*F48 -> 0
B50: D4.2.1 | D50: Make up deficiency in backfill material: | H50: =G50*F50 -> 0
B52: Total Carried Forward | H52: =SUM(H4:H51) -> 118000
B53: Brought Forward | H53: =H52 -> 118000
B54: D4.2.1.1 | D54: From other necessary excavations on site | E54: m³ | F54: 20 | H54: =G54*F54 -> 0
B56: D4.2.1.2 | D56: By importation from commercial or off-site sources selected by the Contractor and approved by the Engineer | E56: m³ | F56: 20 | H56: =G56*F56 -> 0
B58: D5 | C58: SANS 1200LB | D58: Bedding (Pipes) | H58: =G58*F58 -> 0
B60: D5.1 | C60: 8.2.1 | D60: Provision of bedding from trench excavations: | H60: =G60*F60 -> 0
B62: D5.1.1 | D62: Selected granular material | E62: m³ | F62: 40 | H62: =G62*F62 -> 0
B64: D5.1.2 | D64: Selected fill material | E64: m³ | F64: 190 | H64: =G64*F64 -> 0
B66: D5.2 | C66: PSLB 8.2.2 | D66: Supply only of bedding by importation: | H66: =G66*F66 -> 0
B68: D5.2.1 | D68: From other necessary excavations: | H68: =G68*F68 -> 0
B70: D5.2.1.1 | D70: Selected granular material | E70: m³ | F70: 10 | H70: =G70*F70 -> 0
B72: D5.2.1.2 | D72: Selected fill material | E72: m³ | F72: 20 | H72: =G72*F72 -> 0
B74: D5.2.2 | D74: From commercial sources: | H74: =G74*F74 -> 0
B76: D5.2.2.1 | D76: Selected granular material | E76: m³ | F76: 10 | H76: =G76*F76 -> 0
B78: D5.2.2.2 | D78: Selected fill material | E78: m³ | F78: 20 | H78: =G78*F78 -> 0
B80: D5.3 | C80: 8.2.3 | D80: Concrete bedding cradle: | H80: =G80*F80 -> 0
B82: D5.3.1 | D82: Class 20/19 concrete | E82: m³ | F82: 5 | H82: =G82*F82 -> 0
B84: D5.3.2 | C84: PSLB 8.2.7 | D84: Extra over items E1.1 and E1.2 for bedding stabilized with 5% cement | E84: m³ | F84: 10 | H84: =G84*F84 -> 0
B86: D5.4 | D86: Crushed stone bedding layer and geotextile blanket (Provisional) | H86: =G86*F86 -> 0
B88: D5.4.1 | D88: 19mm crushed stone in trench bottom | E88: m³ | F88: 5 | H88: =G88*F88 -> 0
B90: D5.4.2 | D90: Supply and install Bidim U24 or similar approved geotextile | E90: m² | F90: =10*(0.2+1.6) -> 18 | H90: =G90*F90 -> 0
C92: SANS _x000D_ 1200 LD | D92: Pipework | H92: =G92*F92 -> 0
B94: D6 | C94: 8.2.1 | D94: Supply, lay, joint, bed, (flexible bedding) test, backfill and compact uPVC pipes Class 34 heavy duty: | H94: =G94*F94 -> 0
B96: D6.1 | D96: 110mm dia. | E96: m | F96: 50 | H96: =G96*F96 -> 0
B98: D6.2 | D98: 160mm dia. | E98: m | F98: =90+50 -> 140 | H98: =G98*F98 -> 0
B100: D6.3 | D100: 200mm dia. | E100: m | F100: 100 | H100: =G100*F100 -> 0
B102: D7 | C102: SANS 1200L | D102: Supply, lay, joint, bed, (flexible bedding) test, backfill and compact uPVC pipes Class 6 complete with couplings | H102: =G102*F102 -> 0
B104: Total Carried Forward | H104: =SUM(H53:H102) -> 118000
B105: Brought Forward | H105: =H104 -> 118000
B106: D7.1 | D106: 160 mm dia. | E106: m | F106: 50 | H106: =G106*F106 -> 0
B108: D7.2 | D108: 200 mm dia. | E108: m | F108: 270 | H108: =G108*F108 -> 0
B110: D8 | D110: Extra over item D7.1 for the supplying laying and bedding of 160mm uPVC specials complete with couplings | H110: =G110*F110 -> 0
B112: D8.1 | D112: 11.25° bends | E112: No | F112: 2 | H112: =G112*F112 -> 0
B114: D8.2 | D114: 22.5° bends | E114: No | F114: 2 | H114: =G114*F114 -> 0
B116: D8.3 | D116: 45° bends | E116: No | F116: 2 | H116: =G116*F116 -> 0
B118: D8.4 | D118: 90° bends | E118: No | F118: 2 | H118: =G118*F118 -> 0
B120: D9 | D120: Extra over item D7.2 for the supplying laying and bedding of 200mm uPVC specials complete with couplings | H120: =G120*F120 -> 0
B122: D9.1 | D122: 11.25° bends | E122: No | F122: 2 | H122: =G122*F122 -> 0
B124: D9.2 | D124: 22.5° bends | E124: No | F124: 2 | H124: =G124*F124 -> 0
B126: D9.3 | D126: 45° bends | E126: No | F126: 2 | H126: =G126*F126 -> 0
B128: D9.4 | D128: 90° bends | E128: No | F128: 2 | H128: =G128*F128 -> 0
B130: D10 | D130: Berms and V-drains | H130: =G130*F130 -> 0
B132: D10.1 | D132: Construct berms (1.7 x 0.5m high) with material excavated from pipe trenches or approved borrow areas on site, shape and compact to 90% mod. AASHTO density. | H132: =G132*F132 -> 0
B134: D10.1.1 | D134: With stone pitching, nominal thickness of 150mm, voids filled with cement based grouting | E134: m | F134: 50 | H134: =G134*F134 -> 0
B136: D10.1.2 | D136: Without stone pitching | E136: m | F136: 50 | H136: =G136*F136 -> 0
B138: D10.1.3 | D138: Excavate by hand, form V-drains 0,9m wide and 0,4m deep; prepare surface for stone pitching by hand trimming and compacting to 90% mod. AASHTO density; dispose of surplus material within a free haul distance of 1,0km | E138: m | F138: 100 | H138: =G138*F138 -> 0
B140: D10.1.4 | D140: Line V-drain with stone pitching to a nominal thickness of 150mm and fill voids with cement based grouting | E140: m | F140: 100 | H140: =G140*F140 -> 0
B142: D11 | D142: MECHANICAL
D144: Sludge Ponds (Inflow and outflow control)
B146: D11.1 | D146: Deinstall, remove and store existing hand stops at Municipal storage facilities | E146: No | F146: 4 | H146: =G146*F146 -> 0
B148: D11.2 | D148: Prepare/submit G.A Drawings for PVC hand stops (including guid rail, sealing rubbers etc) | E148: Sum | F148: 1 | H148: =G148*F148 -> 0
B150: D11.3 | D150: Manufacture, deliver and store 250mm x 400mm PVC hand stops (Including guide rails, seal rubbers and fastners) | E150: No | F150: 4 | H150: =G150*F150 -> 0
B151: Total Carried Forward | H151: =SUM(H105:H150) -> 118000
B152: Brought Forward | H152: =H151 -> 118000
B154: D11.4 | D154: Install and commission hand stops | E154: Sum | F154: 1 | H154: =G154*F154 -> 0
D156: Oxidation Ponds (Overflow channels)
B158: D11.5 | D158: Deinstall, remove and store existing hand stops at Municipal storage facilities | E158: No | F158: 8 | H158: =G158*F158 -> 0
B160: D11.6 | D160: Prepare/submit G.A Drawings for PVC hand stops (including guid rail, sealing rubbers etc) | E160: Sum | F160: 1 | H160: =G160*F160 -> 0
B162: D11.7 | D162: Manufacture, deliver and store 250mm x 400mm PVC hand stops (Including guide rails, seal rubbers and fastners) | E162: No | F162: 8 | H162: =G162*F162 -> 0
B164: D11.8 | D164: Install and commission hand stops | E164: Sum | F164: 1 | H164: =G164*F164 -> 0
B165: Total Carried Forward | H165: =SUM(H152:H164) -> 118000

Sheet Sec E - Refurb. of Chlorine
B1: APPOINTMENT OF A CONTRACTOR FOR THE REFURBISHMENT OF SEWER PUMP STATION AND WASTEWATER TREATMENT WORKS IN EDENBURG
B2: ='Sec A- P&A'!B2 -> BID NO. KLM/EDN/WWTW/23/24 | H2: Section E: Refurbishment of Chlorine room
B3: ITEM NO | C3: PAYMENT | D3: DESCRIPTION | E3: UNIT | F3: QTY | G3: RATE | H3: AMOUNT R
A4: 1127 | D4: SECTION E: CHLORINE DOSING STATION
A6: 1164 | B6: E1 | C6: SANS 1200 C | D6: Cleaning of Chlorine dosing station
A8: 1128 | B8: E1.1 | D8: Clear and grub all shrubs and vegetation from the Chlorine dosing station utilising labour intense methods. | E8: m² | F8: 210 | H8: =G8*F8 -> 0
A10: 1130 | B10: E1.2 | D10: Remove rubble and debris from chlorine dosing station building. | E10: m³ | F10: 2 | H10: =G10*F10 -> 0
A12: 1131 | B12: E1.3 | D12: Pump out water from chlorine contact channels. | E12: m³ | F12: 15 | H12: =G12*F12 -> 0
A14: 1133 | B14: E1.4 | D14: Remove all Gritt, mud, and debris from chlorine contact channels and dispose at an approved municipal dumping site. | E14: m³ | F14: 5 | H14: =G14*F14 -> 0
A16: 1134 | B16: E2 | C16: Building Spec | D16: Refurbishment of chlorine contact room | H16: =G16*F16 -> 0
A18: 1135 | B18: E2.1 | D18: Remove, stockpile and dispose of damaged corrugated roof sheets and lip channels were instructed by the Employers Agent or their representative. | E18: m² | F18: 10 | H18: =G18*F18 -> 0
A20: 1135 | B20: E2.2 | D20: Supply, deliver and install 150mm precast hollow core concrete roof slabs and secure to existing walls according to supplier specifications. | E20: m² | F20: 10 | H20: =G20*F20 -> 0
B22: E2.3 | D22: Break out, store and dispose of existing steel windows size 1500 x 1800mm high at a official municipal dumping site | E22: No | F22: 1 | H22: =G22*F22 -> 0
A24: 1136 | B24: E2.4 | D24: Supply, deliver, store and install Type BV transformer door and door frame. | E24: No | F24: 2 | H24: =G24*F24 -> 0
A26: 1137 | B26: E2.5 | D26: Outside shower | H26: =G26*F26 -> 0
B28: E2.5.1 | D28: Supply, deliver, store and install new plastic shower taps. | E28: No | F28: 1 | H28: =G28*F28 -> 0
B30: E2.5.2 | D30: Supply, deliver, store and install new plastic shower head and arm. | E30: No | F30: 1 | H30: =G30*F30 -> 0
A32: 1138 | B32: E2.5.3 | D32: Supply, deliver, store and install new Polly cop 15mm pipe complete with all couplings and fittings to fit existing pipework mounted to exterior of existing brickwork. | E32: m | F32: 10 | H32: =G32*F32 -> 0
A34: 1139 | B34: E3 | D34: Allow for water connection to chlorine dosing station. | E34: Prov Sum | F34: 1 | G34: 10000 | H34: =G34*F34 -> 10000
B36: E3.1 | D36: Overheads, charges and profit on item E3 | E36: % | G36: =H34 -> 10000 | H36: =G36*F36 -> 0
A38: 1140 | B38: E4 | D38: Fencing | H38: =G38*F38 -> 0
A40: 1141 | B40: E4.1 | D40: Take down, stockpile and dispose of existing steel "Devil's Fork" fence at a designated site approved by Engineer. | E40: m | F40: 50 | H40: =G40*F40 -> 0
A42: 1142 | B42: E4.2 | D42: Supply, deliver, store and install 1.8m high galvanised, 75 x 150 x 3mm aperture, diamond razor mesh fencing with and including 3000 x 100 x 2mm thick overall circular galvanised plain fencing post with a 600mm long 45 degree bend at the top for flat wrap @ 3500mm cc, binding and straining wires, concrete for footings size 600 x 550mm high and all materials required. Refer to drawing 172-403 | E42: m | F42: 50 | H42: =G42*F42 -> 0
B43: Total Carried Forward | H43: =SUM(H4:H42) -> 10000
B44: Brought Forward | H44: =H43 -> 10000
A46: 1143 | B46: E4.3 | D46: Supply, deliver, store and install 500mm galvanised flat wrap razor wire on top of perimeter fencing as per Item E4.2. | E46: m | F46: 50 | H46: =G46*F46 -> 0
A48: 1144 | B48: E4.4 | D48: Galvanised double leaf swing gate 1.8m high x 4m (as per drawing 172-402) | E48: No | F48: 1 | H48: =G48*F48 -> 0
A50: 1145 | B50: E4.5 | D50: Additional padlocks Yale 75mm Iron Shutter padlock. | E50: No | F50: 1 | H50: =G50*F50 -> 0 | J50: =3.5*0.3*0.2 -> 0.21
A52: 1146 | B52: E4.6 | D52: Cast with class 15/19 MPa concrete 200x200mm footing beam for all new fencing. Rate to include all materials, labour and plant. | E52: m³ | F52: =50*0.2*0.2 -> 2 | H52: =G52*F52 -> 0 | J52: =3.5*0.3*0.2 -> 0.21
B54: E4.7 | D54: Hand excavation for fencing footing beam, backfill and recompact using excess material | E54: m³ | F54: =50*0.3*0.3 -> 5 | H54: =G54*F54 -> 0
B56: E4.8 | D56: Supply, deliver and install 300mm galvanised whirlybird turbine ventilator to concrete roof. | E56: No | F56: 2 | H56: =G56*F56 -> 0
D58: MECHANICAL
B60: E5 | D60: CHLORINATION DOSING
B62: E5.1 | D62: Deinstall, remove and store existing chlorination equipment at Municipal storage facility | E62: Sum | F62: 1 | H62: =G62*F62 -> 0
B64: E5.2 | D64: Prepare/Submit G.A drawing (s) for chlorination dosing equipment | E64: Sum | F64: 1 | H64: =G64*F64 -> 0
B66: E5.3 | D66: Manufacture, deliver and store chlorination dosing equipment | E66: Prov Sum | F66: 1 | G66: 150000 | H66: =G66*F66 -> 150000
B68: E5.4 | D68: Overheads, charges and profit on item E5.3 | E68: % | G68: =H66 -> 150000 | H68: =G68*F68 -> 0
B70: Total Carried Forward to Summary | H70: =SUM(H44:H69) -> 160000

Sheet Sec F- Refurbish. PS
B1: APPOINTMENT OF A CONTRACTOR FOR THE REFURBISHMENT OF SEWER PUMP STATION AND WASTEWATER TREATMENT WORKS IN EDENBURG
B2: ='Sec A- P&A'!B2 -> BID NO. KLM/EDN/WWTW/23/24 | H2: Section F: Refurbishment of Pump Station
B3: ITEM NO | C3: PAYMENT | D3: DESCRIPTION | E3: UNIT | F3: QTY | G3: RATE | H3: AMOUNT R
A4: 702 | D4: SECTION F: REFURBISHMENT OF PUMP STATION
B6: F1 | D6: CIVIL WORKS
A8: 704 | B8: F1.1 | C8: SANS 1200C | D8: SITE CLEARANCE
A10: 705 | B10: F1.1.1 | C10: 8.3.1 | D10: Site Clearance
A12: 706 | B12: F1.1.1.1 | D12: Clear vegetation and trees of girth up to 1m | E12: m² | F12: 280 | H12: =G12*F12 -> 0
A14: 707 | B14: F1.1.1.2 | D14: Remove topsoil to nominal depth of 150mm and stockpile | E14: m² | F14: 90 | H14: =G14*F14 -> 0
B16: F1.2 | C16: PSC 8.1.11 | D16: Fencing | H16: =G16*F16 -> 0
B18: F1.2.1 | D18: Take down, stockpile and dispose of existing steel "Devil's Fork" fence at a designated site approved by Engineer. | E18: m | F18: 70 | H18: =G18*F18 -> 0
B20: F1.2.2 | D20: Supply, deliver, store and install 1.8m high galvanised, 75 x 150 x 3mm aperture, diamond razor mesh fencing with and including 3000 x 100 x 2mm thick overall circular galvanised plain fencing post with a 600mm long 45 degree bend at the top for flat wrap @ 3500mm cc, binding and straining wires, concrete for footings size 600 x 550mm high and all materials required. Refer to drawing 172-403 | E20: m | F20: 80 | H20: =G20*F20 -> 0
B22: F1.2.3 | D22: Supply, deliver, store and install 500mm galvanised flat wrap razor wire on top of perimeter fencing as per Item F1.2.4. | E22: m | F22: 80 | H22: =G22*F22 -> 0
B24: F1.2.4 | D24: Galvanised double leaf swing gate 1.8m high x 4m (as per drawing 172-403) | E24: No | F24: 1 | H24: =G24*F24 -> 0
B26: F1.2.5 | D26: Additional padlocks. Yale 75mm Iron Shutter padlock. | E26: No | F26: 1 | H26: =G26*F26 -> 0
B28: F1.2.6 | D28: Cast to excavated surfaces with class 15/19 MPa concrete 200x200mm footing beam for all new fencing. Rate to include all materials, labour and plant. | E28: m³ | F28: =0.2*0.2*80 -> 3 | H28: =G28*F28 -> 0
B30: F2 | D30: Gritt Collecting Manhole | H30: =G30*F30 -> 0
B32: F2.1 | D32: Cast 20/19 MPa concrete to floor and cover slabs. | E32: m³ | F32: 6 | H32: =G32*F32 -> 0
B34: F2.2 | D34: Smooth formwork | H34: =G34*F34 -> 0
B36: F2.2.1 | D36: To sides of roof slab | E36: m² | F36: 3 | H36: =G36*F36 -> 0
B38: F2.3 | D38: Narrow Widths | H38: =G38*F38 -> 0
B40: F2.3.1 | D40: Vertical sides of foundations up to 300mm high | E40: m | F40: 25 | H40: =G40*F40 -> 0
B42: F2.4 | D42: Steel reinforcing | H42: =G42*F42 -> 0
B44: F2.4.1 | D44: R8 | E44: t | F44: 1 | H44: =G44*F44 -> 0
B46: F2.4.2 | D46: Y12 | E46: t | F46: 1 | H46: =G46*F46 -> 0
B48: Total Carried Forward | H48: =SUM(H4:H46) -> 0
B49: Brought Forward | H49: =H48 -> 0
B50: F2.5 | D50: 230 mm thick brick wall with brick force every 3rd layer, inside plastered with 15mm thick screed | E50: m² | F50: 25 | H50: =G50*F50 -> 0
B52: F2.6 | C52: PSC 3.5.2.4 | D52: Mavrick Trading Type 9E Domestic Cover and Frame or Similar approved | E52: No. | F52: 1 | H52: =G52*F52 -> 0
B54: F2.7 | D54: Gritt collecting basket as per DWG no. 172/304 complete with all cables and attachments | E54: No. | F54: 1 | H54: =G54*F54 -> 0
B56: F2.8 | D56: Supply and install IPE 160 I-beams gantry including all fasteners as per DWG 172/305. Rate to include 2 coats red oxide. | E56: No. | F56: 1 | H56: =G56*F56 -> 0
B58: F2.9 | D58: Supply 1.5 ton capacity mobile rolling block and tackle | E58: Prov Sum. | F58: 1 | G58: 15000 | H58: =G58*F58 -> 15000
B60: F2.10 | D60: Overheads, charges and profit on sub-item C above | E60: % | G60: =H58 -> 15000 | H60: =G60*F60 -> 0
B62: F2.11 | D62: Supply and install step irons to all gritt manholes | E62: No | F62: 15 | H62: =G62*F62 -> 0
B64: F3 | D64: Restricted excavations
B66: F3.1 | D66: Excavate in all materials for Gritt collecting manholes and use for backfilling or embankments, or dispose: | E66: m³ | F66: 40 | H66: =G66*F66 -> 0
B68: F3.2 | D68: Extra over item F3.1 above
B70: F3.2.1 | D70: Hard rock excavation. | E70: m³ | F70: 10 | H70: =G70*F70 -> 0
B72: F3.3 | D72: Hand excavations in all materials | E72: m³ | F72: =60+(0.76*1*20) -> 75 | H72: =G72*F72 -> 0
B74: F3.4 | D74: Extra over item F3.3 above | H74: =G74*F74 -> 0
B76: F3.4.1 | D76: Hard rock excavation. | E76: m³ | F76: 15 | H76: =G76*F76 -> 0
B78: F4 | C78: Building Spec | D78: Guard house and store room
A80: 1129 | B80: F4.1 | D80: Excavation for structures | H80: =G80*F80 -> 0
A82: 1130 | B82: F4.1.1 | D82: Excavation in soft material between the following depths and use for backfill, compact and dispose of surplus material: | H82: =G82*F82 -> 0
A84: 1131 | B84: F4.1.1.1 | D84: 0 m up to 1 m | E84: m³ | F84: 5 | H84: =G84*F84 -> 0
A86: 1134 | B86: F4.2 | D86: Extra over item C8.1.1.1 for excavation in hard rock. | E86: m³ | F86: 2 | H86: =G86*F86 -> 0
A88: 1140 | B88: F4.3 | D88: Backfill to excavations utilising : | H88: =G88*F88 -> 0
A90: 1141 | B90: F4.3.1 | D90: Material from the excavation compacted to 97% of modified AASHTO density | E90: m³ | F90: 5 | H90: =G90*F90 -> 0
A92: 1143 | B92: F4.3.2 | D92: Imported G5/G6 material compacted to 97% of modified AASHTO density | E92: m³ | F92: 10 | H92: =G92*F92 -> 0
B93: Total Carried Forward | H93: =SUM(H49:H92) -> 15000
B94: Brought Forward | H94: =H93 -> 15000
A95: 1145 | B95: F4.4 | C95: PSG 8.1.3 | D95: Foundation | H95: =G95*F95 -> 0
A97: 1147 | B97: F4.4.1 | D97: Concrete blinding class 15/19 concrete 50mm thick | E97: m³ | F97: 2 | H97: =G97*F97 -> 0
B99: F4.4.2 | D99: Concrete floor class 20/19 concrete. Rate to include 250 micron DPC sheeting | E99: m³ | F99: =4.2*3*0.15 -> 2 | H99: =G99*F99 -> 0
B101: F4.4.3 | D101: Concrete foundation cast to excavated surfaces for Class 25/19 concrete. | E101: m³ | F101: 2 | H101: =G101*F101 -> 0
B103: F4.5 | D103: Reinforcing steel | H103: =G103*F103 -> 0
B105: F4.5.1 | D105: R8 | E105: t | F105: 0.5 | H105: =G105*F105 -> 0
B107: F4.5.2 | D107: Y12 | E107: t | F107: 0.5 | H107: =G107*F107 -> 0
B109: F4.5.3 | D109: REF 245 Mesh | E109: m² | F109: =4.2*3 -> 13 | H109: =G109*F109 -> 0
B111: F4.6 | C111: PB 8.2.7 | D111: Concrete Floor Finishes
B113: F4.6.1 | D113: Normal screeds 25mm | E113: m² | F113: 13 | H113: =G113*F113 -> 0
B115: F4.7 | C115: PB 8.2.1 | D115: Brickwork | H115: =G115*F115 -> 0
B117: F4.7.1 | D117: 150mm wide Maxi Clay brick for single wall brickwork, fair face to both sides (Corrobrick or similar approved) brick force every layer in foundations and every 3rd layer in superstructure. | E117: m² | F117: 45 | H117: =G117*F117 -> 0
B119: F4.5 | D119: Doors and Windows. | H119: =G119*F119 -> 0
B121: F4.5.1 | C121: PD 8.2.17 | D121: Toledo Single timber interior door size 812 x 2032mm high or similar approved. Rate to include 1.2mm thick steel door frame, installation, DIY combo handle and lockset and 3 set of keys. | E121: No | F121: 1 | H121: =G121*F121 -> 0
B123: F4.5.2 | D123: Supply, deliver, store and install Type MV transformer door and frame. | E123: No | F123: 1 | H123: =G123*F123 -> 0
B125: F4.5.3 | D125: Supply, deliver, store and install 105x75mm lintels, 900mm long | E125: No | F125: 2 | H125: =G125*F125 -> 0
B127: F4.5.4 | D127: Supply, deliver, store and install 590x590mm Aluminium Window (charcoal) | E127: No | F127: 2 | H127: =G127*F127 -> 0
B129: F4.5.5 | D129: Manufacture, deliver store and install window burglar bars as per drawing 172-404. Colour: black enamel. | E129: No | F129: 2 | H129: =G129*F129 -> 0
B131: F4.5.6 | D131: Supply and install M8 Role bolts for burglar bars to ablution facility windows | E131: No | F131: 16 | H131: =G131*F131 -> 0
B133: F.4.6 | D133: Allow for all-inclusive materials actually used | E133: PC Sum | F133: 1 | G133: 25000 | H133: =G133*F133 -> 25000
B135: F4.7 | D135: Charge required by Contractor on sub-item A5.2.1 above | E135: % | G135: =H133 -> 25000 | H135: =G135*F135 -> 0
B137: Total Carried Forward | H137: =SUM(H94:H136) -> 40000
B138: Brought Forward | H138: =H137 -> 40000
B140: F5 | C140: Building Spec | D140: Pump shed
B142: F5.1 | D142: Excavation for structures | H142: =F142*G142/100 -> 0
D144: Excavation in soft material between the following depths and use for backfill, compact and dispose of surplus material: | H144: =F144*G144/100 -> 0
B146: F5.1.1 | D146: 0 m up to 1 m | E146: m³ | F146: 5 | H146: =F146*G146/100 -> 0
B148: F5.2 | D148: Backfill to excavations utilising : | H148: =F148*G148/100 -> 0
B150: F5.2.1 | D150: Material from the excavation compacted to 97% of modified AASHTO density | E150: m³ | F150: 5 | H150: =F150*G150/100 -> 0
B152: F5.3 | D152: Formwork | H152: =F152*G152/100 -> 0
D154: Smooth formwork: | H154: =F154*G154/100 -> 0
B156: F5.3.1 | D156: Vertical to sides of foundations up to 300mm high | E156: m | F156: 14 | H156: =F156*G156/100 -> 0
B158: F5.3.2 | D158: Plinths | E158: m² | F158: =2*(2*(0.815+1.35)*0.3) -> 3 | H158: =F158*G158/100 -> 0
B160: F5.4 | D160: High tensile steel reinforcing: | H160: =F160*G160/100 -> 0
B162: F5.4.1 | D162: 10 | E162: t | F162: 0.15 | H162: =F162*G162/100 -> 0
B164: F5.4.2 | D164: Y12 | E164: t | F164: 0.7 | H164: =F164*G164/100 -> 0
B166: F6 | D166: Concrete | H166: =F166*G166/100 -> 0
B168: F6.1 | D168: Blinding: Class 15/19, 50mm thick | E168: m² | F168: =2.1*4.5 -> 9 | H168: =F168*G168/100 -> 0
D170: Class 25/19 concrete: | H170: =F170*G170/100 -> 0
B172: F6.2 | D172: Floor slabs up to 250mm thick | E172: m³ | F172: =2.1*4.5*0.25 -> 2 | H172: =F172*G172/100 -> 0
B174: F6.3 | D174: Pump plinths | E174: m³ | F174: =2*(0.815*1.35*0.3) -> 1 | H174: =F174*G174/100 -> 0
B176: F6.4 | D176: Form 25 x 25mm weir chamfer | E176: m | F176: 14 | H176: =F176*G176/100 -> 0
B178: F7 | D178: Roof | H178: =F178*G178/100 -> 0
B180: F7.1 | D180: Supply, deliver, store and install new 3m x 0.7m x 0.47mm corrugated roof sheets. | E180: m² | F180: =2.3*4.7 -> 11 | H180: =F180*G180/100 -> 0
B182: F7.2 | D182: Supply, deliver and install new 100 x 50 x 20 x 2mm lip channel for roof support structure with and including two coats of corrosion protection paint. | E182: m | F182: 16 | H182: =F182*G182/100 -> 0
B184: F7.3 | D184: Supply, deliver and install new 100 x 100 x 3mm square tubing column for roof support structure with and including two coats of corrosion protection paint. | E184: m | F184: 15 | H184: =F184*G184/100 -> 0
B185: Total Carried Forward | H185: =SUM(H138:H184) -> 40000
B186: Brought Forward | H186: =H185 -> 40000
A188: 994 | B188: F8 | D188: MECHANICAL WORKS
...

Sheet Sec G - Network refurbishment
B1: APPOINTMENT OF A CONTRACTOR FOR THE REFURBISHMENT OF SEWER PUMP STATION AND WASTEWATER TREATMENT WORKS IN EDENBURG
B2: ='Sec A- P&A'!B2 -> BID NO. KLM/EDN/WWTW/23/24 | H2: Section G: Network Refurbishment
B3: ITEM NO | C3: PAYMENT | D3: DESCRIPTION | E3: UNIT | F3: QTY | G3: RATE | H3: AMOUNT R
A4: 1127 | D4: SECTION G: NETWORK REFURBISHMENT
A6: 1129 | B6: J1 | C6: PSCE | D6: Cleaning of existing sewer pipes | H6: =G6*F6 -> 0
A8: 1130 | B8: J1.1 | D8: Clearing, unblocking and removal of silt, sand, sludge, roots and other debris from sewer pipe lines, and manholes by using high pressure water jetting equipment and machinery. Remove and deposit this material at the official municipal disposal sites for the following pipe sizes: | H8: =G8*F8 -> 0
A10: 1131 | B10: J1.1.1 | D10: 110mm dia. | E10: m | F10: 25 | H10: =G10*F10 -> 0
A12: 1132 | B12: J1.1.2 | D12: 160mm dia. | E12: m | F12: 2000 | H12: =G12*F12 -> 0
A14: 1133 | B14: J1.1.3 | D14: 200mm dia. | E14: m | F14: 1100 | H14: =G14*F14 -> 0
B16: J1.1.4 | D16: 250mm dia. | E16: m | F16: 1100 | H16: =G16*F16 -> 0
A18: 1134 | B18: J2 | D18: Rebuilding of benching to existing manholes where instructed by the Engineer irrespective of pipe size or depth: | E18: No | F18: 10 | H18: =G18*F18 -> 0
A20: 1135 | B20: J4 | D20: Supply, deliver, store and replace damaged covers and frames irrespective of size where instructed by the Engineer | E20: No | F20: 10 | H20: =G20*F20 -> 0
A22: 1136 | B22: J5 | C22: PSCI | D22: Camera inspections
A24: 1137 | B24: J5.1 | C24: PSCI 1.1a) | D24: Allow of camera inspection of the networks designated by the Engineer | E24: Prov Sum | F24: 1 | G24: 50000 | H24: =G24*F24 -> 50000
B26: J5.1.1 | D26: Overheads, charges and profit on sub-item J5.1 above | E26: % | G26: =H24 -> 50000 | H26: =F26*G26/100 -> 0
A28: 1138 | B28: J5.2 | C28: PSCI 1.1b) | D28: Allow of Blocking existing flow per manhole for various diameters | E28: Prov Sum | F28: 1 | G28: 15000 | H28: =G28*F28 -> 15000
B30: J5.2.1 | D30: Overheads, charges and profit on sub-item J5.2 above | E30: % | G30: =H28 -> 15000 | H30: =F30*G30/100 -> 0
A32: 1139 | B32: J5.3 | C32: PSCI 1.1c) | D32: Diversion of flow in existing pipes for
A34: 1140 | B34: J5.3.1 | D34: Flows up to 1m3/min | E34: hr | F34: 40 | H34: =G34*F34 -> 0
A36: 1141 | B36: J5.3.2 | D36: Flows between 1m3/min up to 10m3/min | E36: hr | F36: 60 | H36: =G36*F36 -> 0
A38: 1142 | H38: =G38*F38 -> 0
A40: 1143 | H40: =G40*F40 -> 0
B42: Total Carried Forward to Summary | H42: =SUM(H5:H41) -> 65000

Sheet Summary
C1: APPOINTMENT OF A CONTRACTOR FOR THE REFURBISHMENT OF SEWER PUMP STATION AND WASTEWATER TREATMENT WORKS IN EDENBURG
C2: ='Sec G - Network refurbishment'!B2 -> BID NO. KLM/EDN/WWTW/23/24
D4: SUMMARY OF SCHEDULES
C5: SCHEDULE | D5: DESCRIPTION | E5: AMOUNT (RAND)
C6: A | D6: Section A: General | E6: ='Sec A- P&A'!H111 -> 615000
C8: B | D8: Section B: Dayworks | E8: ='Sec B-Dayworks'!H68 -> 150000
C10: C | D10: Section C: Refurbishment of WWTW | E10: ='Sec C- Refurbish Inlet'!H377 -> 735000
C12: D | D12: Section D: Anarobic ponds | E12: ='Sec D - Anaerobic ponds'!H165 -> 118000
C14: E | D14: Section E: Refurbishment of Chlorine Room | E14: ='Sec E - Refurb. of Chlorine'!H70 -> 160000
C16: F | D16: Section F: Refurbishment of Sewer Pump Station | E16: ='Sec F- Refurbish. PS'!H327 -> 325000
C18: J | D18: Section G: Network Refurbisghment | E18: ='Sec G - Network refurbishment'!H42 -> 65000
D20: SUB-TOTAL 1 | E20: =SUM(E5:E19) -> 2168000
D22: 10% Contingencies | E22: =E20*0.1 -> 216800
D24: SUB-TOTAL 2 | E24: =E20+E22 -> 2384800
D26: 15% Value added tax | E26: =E24*0.15 -> 357720
C28: TOTAL CARRIED FORWARD TO SUMMARY OF SCHEDULES | E28: =E26+E24 -> 2742520
D51: 14
